 Dungeon Crawl Stone Soup version 0.30-a0-852-g08b95dd62f (webtiles) character file.

Game seed: 7462007933914258990

124 demibob the Sneak (level 4, 0/32 HPs)
             Began as a Demonspawn Wanderer on Mar 4, 2023.
             Slain by an iguana (7 damage)
             ... on level 3 of the Dungeon.
             The game lasted 00:02:40 (2687 turns).

demibob the Sneak (Demonspawn Wanderer)             Turns: 2687, Time: 00:02:41

Health: 0/32       AC: 13    Str: 13    XL:     4   Next: 81%
Magic:  7/7        EV:  5    Int: 14    God:
Gold:   179        SH:  0    Dex: 13    Spells: 6/7 levels left

rFire   . . .      SeeInvis .    l - +0 mace
rCold   + . .      Faith    .    (no shield)
rNeg    . . .      Spirit   .    k - +0 chain mail {Will+}
rPois   .          Reflect  .    i - +1 helmet
rElec   .          Rampage  .    (no cloak)
rCorr   .                        (no gloves)
Will    +....                    h - +0 pair of boots Stlth
                                 (no amulet)
HPRegen 0.25/turn                L - ring of flight
MPRegen 0.10/turn                C - ring of protection from cold

@: mighty, flying
A: yellow scales 1
a: no special abilities


You were on level 3 of the Dungeon.
You visited 1 branch of the dungeon, and saw 4 of its levels.

You collected 179 gold pieces.


Innate Abilities, Weirdness & Mutations

You are partially covered in yellow scales. (AC +2)


   Skills:
 - Level 1.2 Fighting
 + Level 3.1 Maces & Flails
 + Level 2.0 Armour
 - Level 3.7 Stealth
 - Level 2.0 Spellcasting
 - Level 1.8 Fire Magic
 - Level 1.0 Evocations


You had 6 spell levels left.
You knew the following spells:

 Your Spells              Type           Power      Damage    Failure   Level
f - Foxfire               Conj/Fire      16%        2x1d4     99%         1

Your spell library contained the following spells:

 Spells                   Type           Power      Damage    Failure   Level
 Ignite Poison            Fire/Tmut/Pois 3%         N/A       100%        3

Inventory:

Hand Weapons
 a - a +0 dagger
 l - a +0 mace (weapon)
Missiles
 b - 2 atropa-tipped darts (quivered)
 c - a datura-tipped dart
 j - 3 poisoned darts
Armour
 h - a +0 pair of boots (worn)
 i - a +1 helmet (worn)
 k - a +0 chain mail of willpower (worn)
Jewellery
 C - a ring of protection from cold (right hand)
 L - a ring of flight (left hand)
Potions
 d - 2 potions of attraction
 f - a potion of brilliance {unknown}
 g - a potion of ambrosia {unknown}
 m - 2 potions of might
 o - a potion of curing {@q1}
 p - a potion of cancellation {unknown}
 q - 2 potions of berserk rage {unknown}

Dungeon Overview and Level Annotations

Branches:
Dungeon (4/15)
 Temple: D:4-7

Altars:
Kikubaaqudgha

#.###.# #.#.## #.# #.# #.# #.#.#
#.# ..# #.# #.#.# #.### ..#
#.###.#.#######...#
#.###.##..............#
#.....).....#######...# #
#..##.##..### #..## #
...##.##..#########..# #
##.#............@l5w.# #
##...##..#########>.# #
#...##..#########..# #
##...##.............# #
##.#..###.#########.#### #
.................)..<..# #
.####.#.#...........##.# #
......#.#.############.##########
..........# #...........


You could see an iguana, a shadow imp and a dart slug.


Message History

You fly upwards.
There is a stone staircase leading down here.
The endoplasm attacks as you move away!
The endoplasm hits you but does no damage.
The endoplasm attacks as you move away!
The endoplasm hits you but does no damage.
The dart slug launches a dart at you. The slug dart misses you.
It was a potion of curing.
You feel better. The endoplasm freezes you.
You are frozen.
You resist.
It was a potion of might.
You feel very mighty all of a sudden. The endoplasm freezes you.
You are frozen.
You resist.
* * * LOW HITPOINT WARNING * * *
You sock the endoplasm!
You kill the endoplasm!
You barely miss the iguana. The iguana bites you.
* * * LOW HITPOINT WARNING * * *
You sock the iguana!
The iguana is heavily wounded.
The iguana bites you.
* * * LOW HITPOINT WARNING * * *
The iguana bites you.
* * * LOW HITPOINT WARNING * * *
You hit the iguana.
The iguana is severely wounded.
The iguana bites you!
You die...

Skill      XL: |  1  2  3  4 |
---------------+-------------+-----
Maces & Flails | 2 3 |  3.1
Armour         | 1 2 |  2.0
Fighting       | |  1.2
Stealth        | |  3.7
Spellcasting   | |  2.0
Fire Magic     | |  1.8
Evocations     | |  1.0

Action                     |  1- 3 |  4- 6 || total
---------------------------+-------+-------++-------
  Melee: Mace              |   116 |    17 ||   133
         Dagger            |    11 |       ||    11
         Punch             |     1 |       ||     1
    Use: Scroll            |     7 |       ||     7
         Potion            |       |     2 ||     2
   Stab: Sleeping          |     5 |       ||     5
 Armour: Robe              |    35 |       ||    35
         Chain mail        |    31 |    18 ||    49
  Dodge: Dodged            |    69 |    10 ||    79

Levels and vault maps discovered:
D:1:      dpeg_arrival_lava_altar, layout_basic
D:2:      layout_loops_corners, serial_bayou_pond_b, corexii_shack
D:3:      layout_loops_ring, grunt_decor_clamped, serial_bayou_lagoon_a,
          st_stairs_4
D:4:      layout_rooms

Notes
Turn   | Place    | Note
-------+----------+-------------------------------------------
     0 | D:1      | demibob the Demonspawn Wanderer began the quest for the
                  | Orb.
     0 | D:1      | demibob set off with the following items: a +0 dagger, 2
                  | atropa-tipped darts, a datura-tipped dart, 2 potions of
                  | attraction, a +0 robe; and the following spell memorised:
                  | Foxfire; and the following spells available to memorise:
                  | Ignite Poison.
     0 | D:1      | Reached XP level 1. HP: 15/15 MP: 3/3
   438 | D:1      | Gained mutation: You are partially covered in yellow
                  | scales. (AC +2) [demonic ancestry]
   438 | D:1      | Reached XP level 2. HP: 21/21 MP: 5/5
   744 | D:1      | Found an ancient bone altar of Kikubaaqudgha.
   837 | D:2      | Reached skill level 1 in Maces & Flails
  1178 | D:2      | Reached skill level 2 in Maces & Flails
  1319 | D:2      | Reached XP level 3. HP: 26/26 MP: 6/6
  2618 | D:4      | Noticed a phantom
  2638 | D:3      | Killed a phantom
  2639 | D:3      | Reached skill level 3 in Maces & Flails
  2639 | D:3      | Reached skill level 1 in Armour
  2639 | D:3      | Reached XP level 4. HP: 27/32 MP: 7/7
  2672 | D:4      | Noticed a phantom
  2675 | D:4      | Reached skill level 2 in Armour
  2677 | D:4      | HP: 3/32 [dart slug/slug dart (2)]
  2687 | D:3      | Slain by an iguana

Vanquished Creatures
  A phantom (D:3)
  A dart slug (D:2)
  2 orcs
  3 ball pythons
  7 endoplasms
  3 giant cockroaches
  4 hobgoblins
  A quokka (D:2)
  2 bats (D:1)
  A frilled lizard (D:1)
  6 goblins
  4 kobolds
  4 rats
39 creatures vanquished.

Table legend: (Time is in decaauts)
 A = Elapsed time spent in this place.
 B = Non-inter-level travel time spent in this place.
 C = Inter-level travel time spent in this place.
 D = Time resting spent in this place.
 E = Time spent auto-exploring this place.
 F = Levels seen in this place.
 G = Mean time per level.
                   A        B        C        D        E       F      G
               +--------+--------+--------+--------+--------+-----+--------+
         Total |   2727 |   2615 |    112 |     82 |   2133 |   4 |  681.8 |
       Dungeon |   2727 |   2615 |    112 |     82 |   2133 |   4 |  681.8 |
               +--------+--------+--------+--------+--------+-----+--------+

Top non-repeatable levels by time:
     D:2: 995 daAuts
     D:3: 877 daAuts
     D:1: 832 daAuts
     D:4: 21 daAuts

Table legend:
 A = Non-vault XP
 B = Vault XP
 C = Vault XP percentage of total XP
 D = Non-vault monster count
 E = Vault monster count
 F = Vault count percentage of total count
                 A         B        C        D         E       F
            +---------+---------+-------+---------+---------+-------
      Total |     165 |      13 |   7.3 |      34 |       5 |  12.8
            +---------+---------+-------+---------+---------+-------
        D:1 |      13 |       0 |   0.0 |      10 |       0 |   0.0
        D:2 |      22 |      11 |  33.3 |      14 |       4 |  22.2
        D:3 |     126 |       2 |   1.6 |       8 |       1 |  11.1
        D:4 |       4 |       0 |   0.0 |       2 |       0 |   0.0
            +---------+---------+-------+---------+---------+-------
